[Event "January 9 Late 2024"]
[Site "https://www.chess.com"]
[Date "2024.01.09"]
[Round "2"]
[White "Gasparyan, David"]
[Black "Lemos, Dawton Almino"]
[Result "1-0"]
[Board "174"]
[TimeControl "180+1"]
[WhiteFideId "13311980"]
[BlackFideId "2146797"]
[WhiteElo "2536"]
[BlackElo "2319"]
[WhiteTeam "USA"]
[BlackTeam "BRA"]
[WhiteClock "0:00:19"]
[BlackClock "0:00:16"]

1. e4 e6 2. Nc3 d5 3. Nf3 Nf6 4. exd5 exd5 5. d4 Nc6 6. Ne5 Bd6 7. Bf4 O-O 8. Be2 Re8 9. Nxc6 bxc6 10. Be3 Rb8 11. Rb1 Bf5 12. O-O Qd7 13. Na4 Ng4 14. Bxg4 Bxg4 15. Qd2 Qf5 16. f3 Bh5 17. Kh1 Bg6 18. Rbc1 Rb4 19. b3 a5 20. c3 Rbb8 21. Rfe1 Re6 22. Bg1 Rbe8 23. Rxe6 Rxe6 24. Re1 h5 25. c4 Bb4 26. Nc3 Qd3 27. Qxd3 Bxd3 28. Rxe6 fxe6 29. Na4 dxc4 30. bxc4 Bxc4 31. Be3 Bxa2 32. Nb2 Bd5 33. Kg1 Bc3 34. Na4 Bb4 35. Bf4 Bb3 36. Nb2 a4 37. Bc1 a3 38. Nd3 a2 39. Bb2 Bd6 40. f4 Bc4 41. Ne5 Bd5 42. Kf2 Kf8 43. Ng6+ Kf7 44. Ne5+ Ke8 45. g3 Kd8 46. h3 Kc8 47. g4 hxg4 48. hxg4 Kb7 49. Ke3 Ka6 50. Nf7 Kb5 51. Nxd6+ cxd6 52. f5 exf5 53. gxf5 Kc4 54. Kd2 Kb3 55. Kc1 Be4 56. d5 Bxd5 57. Bxg7 Bf7 58. Ba1 d5 59. f6 c5 60. Kd2 d4 61. Kc1 Bg6 62. Kd2 Kc4 63. Kc1 Bb1 64. f7 Kd3 65. f8=Q c4 66. Qf3# 1-0

[Event "January 9 Late 2024"]
[Site "https://www.chess.com"]
[Date "2024.01.10"]
[Round "2"]
[White "Jazdanovs, Aleksandrs"]
[Black "Soderstrom, Adrian"]
[Result "1-0"]
[Board "175"]
[TimeControl "180+1"]
[WhiteFideId "11604492"]
[BlackFideId "1745786"]
[WhiteElo "2311"]
[BlackElo "2534"]
[WhiteTeam "LAT"]
[BlackTeam "SWE"]
[WhiteClock "0:00:27"]
[BlackClock "0:00:22"]

1. e4 e6 2. d4 d5 3. Nc3 dxe4 4. Nxe4 Nd7 5. Bd3 Ngf6 6. Ne2 c5 7. Nxc5 Nxc5 8. dxc5 Bxc5 9. O-O O-O 10. Ng3 h6 11. Qe2 Be7 12. Rd1 Qc7 13. c3 Bd7 14. Ne4 Bc6 15. Nxf6+ Bxf6 16. Be4 Qe5 17. Bd3 Qxe2 18. Bxe2 Rad8 19. Be3 a6 20. f3 Ba4 21. Rxd8 Rxd8 22. Kf2 g5 23. Rc1 Bc6 24. Rd1 Rxd1 25. Bxd1 Bd5 26. a3 b5 27. Be2 Be5 28. g3 f6 29. f4 Bd6 30. fxg5 hxg5 31. Bf3 Bxf3 32. Kxf3 Kf7 33. h4 Kg6 34. hxg5 fxg5 35. g4 Kf6 36. Ke4 Bc7 37. b3 Bd6 38. Bc1 Be5 39. c4 bxc4 40. bxc4 Bd6 41. a4 Bc5 42. Bb2+ Ke7 43. Bc1 Kf6 44. Bb2+ Kf7 45. Bc1 Be7 46. Be3 Ke8 47. c5 Kd7 48. Ke5 Bd8 49. Bf2 Bc7+ 50. Kf6 Bf4 51. Bd4 Bd2 52. Kg6 Bc1 53. Bf6 Kc6 54. Bxg5 Ba3 55. Be3 Kd5 56. Kf7 e5 57. g5 e4 58. g6 Bxc5 59. Bxc5 Kxc5 60. g7 Kb4 61. g8=Q Kxa4 62. Qg1 a5 63. Qe1 Kb3 64. Qxe4 a4 65. Qb1+ Ka3 66. Qa1+ Kb3 67. Ke6 a3 68. Kd5 Kb4 69. Kd4 Kb3 70. Kd3 Kb4 71. Kc2 Ka4 72. Kc3 Kb5 73. Qxa3 Kb6 74. Qb4+ Ka6 75. Qc4+ Kb6 76. Kd4 Ka5 77. Qb3 Ka6 78. Kc5 Ka7 79. Kc6 Ka8 80. Qb7# 1-0

[Event "January 9 Late 2024"]
[Site "https://www.chess.com"]
[Date "2024.01.09"]
[Round "2"]
[White "Nita, Lucian"]
[Black "Gurevich, Dmitry"]
[Result "1/2-1/2"]
[Board "176"]
[TimeControl "180+1"]
[WhiteFideId "1206923"]
[BlackFideId "2000407"]
[WhiteElo "2306"]
[BlackElo "2532"]
[WhiteTeam "ROU"]
[BlackTeam "USA"]
[WhiteClock "0:00:27"]
[BlackClock "0:00:06"]

1. e4 c5 2. Nf3 d6 3. g3 Nc6 4. Bg2 g6 5. O-O Bg7 6. c3 Nf6 7. Re1 e5 8. d4 cxd4 9. cxd4 exd4 10. Nxd4 Nxd4 11. Qxd4 O-O 12. Nc3 Re8 13. Qd3 Be6 14. Bg5 Qb6 15. Qd2 Ng4 16. Rad1 Ne5 17. b3 Rac8 18. Nd5 Bxd5 19. Qxd5 Rc6 20. Be3 Qc7 21. h3 a6 22. f4 Nd7 23. e5 Bf8 24. Qd3 Nc5 25. Qd2 dxe5 26. Bxc6 Qxc6 27. Qd5 Qxd5 28. Rxd5 exf4 29. gxf4 Ne4 30. Bd4 f5 31. Rd7 b5 32. Ra7 Re6 33. Kg2 Be7 34. Re2 Kf7 35. Rc2 h6 36. Rcc7 g5 37. Be5 gxf4 38. Bxf4 Nf6 39. Kf3 Nd5 40. Rd7 Nxf4 41. Kxf4 Kf6 42. Rxe7 Rxe7 43. Rxa6+ Kg7 44. Kxf5 Re3 45. h4 Rf3+ 46. Kg4 Rf2 47. h5 Rg2+ 48. Kh4 Rh2+ 49. Kg4 Rg2+ 50. Kf4 Rg5 51. a4 Rxh5 52. Ra7+ Kf6 53. a5 b4 54. Ra6+ Kf7 55. Kg4 Rb5 56. Rxh6 Rxa5 57. Rb6 Ra3 58. Rxb4 Ke6 59. Kf4 Kd6 60. Ke3 Kc7 61. Kd4 Ra6 62. Kc4 Rc6+ 63. Kb5 Rb6+ 64. Kc5 Rxb4 65. Kxb4 Kb6 66. Kc4 Kc6 67. b4 Kb6 68. b5 Kb7 69. Kc5 Kc7 70. Kb4 Kb6 71. Ka4 Kb7 72. Kb4 Kb6 73. Kc4 Kc7 74. Kc5 Kb7 75. b6 Kb8 76. Kc6 Kc8 77. Kd6 Kb7 78. Kc5 Kb8 79. Kb5 Kb7 80. Ka5 Kb8 81. Ka6 Ka8 82. Kb5 Kb7 83. Kc5 1/2-1/2

[Event "January 9 Late 2024"]
[Site "https://www.chess.com"]
[Date "2024.01.09"]
[Round "2"]
[White "Bruedigam, Martin"]
[Black "Szente Varga, Fruzsina"]
[Result "1-0"]
[Board "177"]
[TimeControl "180+1"]
[WhiteFideId "24608033"]
[BlackFideId "712264"]
[WhiteElo "2532"]
[BlackElo "2306"]
[WhiteTeam "GER"]
[BlackTeam "HUN"]
[WhiteClock "0:00:20"]
[BlackClock "0:00:13"]

1. e4 Nf6 2. e5 Nd5 3. d4 d6 4. c4 Nb6 5. exd6 exd6 6. Nf3 Be7 7. h3 O-O 8. Bd3 Nc6 9. O-O Bf6 10. Be3 d5 11. c5 Nc4 12. Bxc4 dxc4 13. Nc3 Bf5 14. b3 cxb3 15. axb3 b6 16. Rc1 Nb4 17. Qd2 bxc5 18. dxc5 Qxd2 19. Bxd2 Nd3 20. Rcd1 Nxc5 21. Nd5 Nxb3 22. Bb4 c5 23. Nxf6+ gxf6 24. Ba3 Rfd8 25. g4 Bd3 26. Rfe1 c4 27. Bb2 f5 28. Kh2 fxg4 29. Rg1 f5 30. hxg4 f4 31. g5 a5 32. Rg4 a4 33. Rxf4 a3 34. Bf6 Rdc8 35. g6 hxg6 36. Kg3 a2 37. Rh1 Kf7 38. Ng5+ Ke8 39. Rh7 a1=Q 40. Re7+ Kf8 41. Ne6+ Kg8 42. Rg7+ Kh8 43. Rh4# 1-0

[Event "January 9 Late 2024"]
[Site "https://www.chess.com"]
[Date "2024.01.10"]
[Round "2"]
[White "Stremavicius, Titas"]
[Black "Sultanbek, Zeinep"]
[Result "1-0"]
[Board "178"]
[TimeControl "180+1"]
[WhiteFideId "12804444"]
[BlackFideId "13710419"]
[WhiteElo "2531"]
[BlackElo "2304"]
[WhiteTeam "LTU"]
[BlackTeam "KAZ"]
[WhiteClock "0:00:12"]
[BlackClock "0:00:00"]

1. Nf3 d5 2. g3 Nf6 3. Bg2 e6 4. O-O Be7 5. d4 c6 6. c4 dxc4 7. Ne5 b5 8. Nxc6 Nxc6 9. Bxc6+ Bd7 10. Bxa8 Qxa8 11. a4 b4 12. Qc2 Qd5 13. Rd1 h5 14. f3 h4 15. e4 Qh5 16. Qg2 hxg3 17. hxg3 e5 18. Be3 Bh3 19. Qe2 Nxe4 20. Bc1 Nxg3 21. Qxe5 Bf5 22. Qxg3 Qh1+ 23. Kf2 Qxd1 24. Qb8+ Bd8 25. Bg5 Qc2+ 26. Ke3 Qd3+ 27. Kf4 1-0

[Event "January 9 Late 2024"]
[Site "https://www.chess.com"]
[Date "2024.01.09"]
[Round "2"]
[White "Diaz, Fernando"]
[Black "Kopczynski, Michal"]
[Result "0-1"]
[Board "179"]
[TimeControl "180+1"]
[WhiteFideId "3701255"]
[BlackFideId "1124200"]
[WhiteElo "2301"]
[BlackElo "2530"]
[WhiteTeam "PAR"]
[BlackTeam "POL"]
[WhiteClock "0:00:57"]
[BlackClock "0:01:48"]

1. e4 b6 2. d4 Bb7 3. Nc3 e6 4. Nf3 Nf6 5. Bg5 Be7 6. Bd3 h6 7. Bh4 c5 8. O-O cxd4 9. Nxd4 Nc6 10. Nf3 O-O 11. e5 Ng4 12. Bxe7 Qxe7 13. Qe2 f6 14. Qe4 f5 15. Qe2 d6 16. exd6 Qxd6 17. Bc4 Nd4 18. Bxe6+ Kh8 0-1

[Event "January 9 Late 2024"]
[Site "https://www.chess.com"]
[Date "2024.01.09"]
[Round "2"]
[White "Urbina Perez, Juan Antonio"]
[Black "Ardila, Oscar Humberto"]
[Result "1-0"]
[Board "180"]
[TimeControl "180+1"]
[WhiteFideId "2217368"]
[BlackFideId "4404742"]
[WhiteElo "2529"]
[BlackElo "2297"]
[WhiteTeam "ESP"]
[BlackTeam "COL"]
[WhiteClock "0:00:12"]
[BlackClock "0:00:00"]

1. d4 Nf6 2. Nf3 e6 3. c4 Be7 4. g3 d6 5. Bg2 Nbd7 6. O-O O-O 7. Nc3 c6 8. d5 cxd5 9. cxd5 e5 10. Rb1 Nc5 11. b4 Nce4 12. Nxe4 Nxe4 13. Nd2 Nc3 14. Qc2 Nxb1 15. Qxb1 Bg4 16. f3 Bd7 17. e4 Qb6+ 18. Kh1 Rac8 19. a3 Bb5 20. Re1 Qf2 21. Rg1 Bg5 22. Nb3 Bxc1 23. Rxc1 Qe3 24. Re1 Qf2 25. Na5 Rc2 26. Rg1 b6 27. Nb7 Bd7 28. Qf1 Qxf1 29. Rxf1 Bb5 30. Rg1 Ra2 31. Nxd6 Bd3 32. h4 Rd8 33. Nf5 g6 34. Ne7+ Kf8 35. Nc6 Rd6 36. Nxe5 Bb5 37. f4 f6 38. Ng4 Kg7 39. e5 fxe5 40. fxe5 Rd8 41. e6 Bc4 42. Rd1 Rxg2 43. Kxg2 Rxd5 44. Rxd5 Bxd5+ 45. Kf2 Bxe6 46. Ne5 Kf6 47. Nc6 Bd5 48. Nxa7 Ke5 49. Ke3 h6 50. Nc8 g5 51. Nxb6 Bc6 52. hxg5 hxg5 53. Nc4+ Kd5 54. Nd2 Bd7 55. Kd3 Bf5+ 56. Kc3 Bc8 57. a4 Bd7 58. b5 Bc8 59. Kb4 Kd4 60. a5 Ke3 61. Nc4+ Kf3 62. Nd6 Bd7 63. a6 Kxg3 64. a7 Kf2 65. a8=Q g4 66. Qf8+ Ke3 67. Qe7+ Kf2 68. Qxd7 g3 69. Ne4+ Kf3 70. Nxg3 1-0

[Event "January 9 Late 2024"]
[Site "https://www.chess.com"]
[Date "2024.01.09"]
[Round "2"]
[White "Sarkar, Justin"]
[Black "Senft, Sean"]
[Result "1-0"]
[Board "181"]
[TimeControl "180+1"]
[WhiteFideId "2010011"]
[BlackFideId "2044960"]
[WhiteElo "2292"]
[BlackElo "2527"]
[WhiteTeam "USA"]
[BlackTeam "USA"]
[WhiteClock "0:00:07"]
[BlackClock "0:00:22"]

1. e4 c5 2. Nf3 d6 3. d4 cxd4 4. Nxd4 Nf6 5. Nc3 a6 6. Bg5 e6 7. f4 Qb6 8. Qd3 Nc6 9. O-O-O Nxd4 10. Qxd4 Qxd4 11. Rxd4 Bd7 12. Be2 Bc6 13. Bf3 Be7 14. Rhd1 h6 15. Bxf6 gxf6 16. f5 h5 17. Ne2 Rc8 18. h4 Kf8 19. fxe6 fxe6 20. Nf4 e5 21. Ng6+ Ke8 22. Nxh8 exd4 23. Rxd4 f5 24. exf5 Bxf3 25. gxf3 Bf6 26. Re4+ Kd7 27. Ng6 Rc5 28. Nf8+ Kc8 29. Re8+ Kc7 30. Ne6+ Kd7 31. Nxc5+ Kxe8 32. Nxb7 Bxh4 33. Nxd6+ Kd7 34. Ne4 Be7 35. f6 Bf8 36. Kd2 Ke6 37. Ke2 h4 38. c4 a5 39. b3 Ba3 40. Kf2 Bb4 41. Kg2 Be1 42. Kh3 Kf7 43. Kg4 Ke6 44. f4 Kf7 45. f5 Kf8 46. c5 Ke8 47. c6 Kd8 48. f7 Bb4 49. Ng5 Kc7 50. Ne6+ Kxc6 51. Kxh4 Kd5 52. Kg5 Be7+ 53. Kg6 Ke5 54. f8=Q Bxf8 55. Nxf8 a4 56. Nd7+ Kd6 57. bxa4 Kxd7 58. f6 Ke8 59. f7+ 1-0

[Event "January 9 Late 2024"]
[Site "https://www.chess.com"]
[Date "2024.01.09"]
[Round "2"]
[White "Khater, Sherif"]
[Black "Slavin, Alexey"]
[Result "1-0"]
[Board "182"]
[TimeControl "180+1"]
[WhiteFideId "2034280"]
[BlackFideId "24104388"]
[WhiteElo "2526"]
[BlackElo "2292"]
[WhiteTeam "USA"]
[BlackTeam "RUS"]
[WhiteClock "0:00:16"]
[BlackClock "0:00:00"]

1. b4 Nc6 2. b5 Ne5 3. d4 Ng6 4. e4 d6 5. Nf3 Nf6 6. Nbd2 e5 7. Bb2 exd4 8. Nxd4 Be7 9. g3 O-O 10. Bg2 a6 11. a4 axb5 12. axb5 Rxa1 13. Qxa1 Ng4 14. O-O Bf6 15. h3 N4e5 16. f4 Nd7 17. Nf5 Bxb2 18. Qxb2 f6 19. Nb3 Re8 20. Nbd4 Nc5 21. Re1 Bd7 22. Qa2+ Kh8 23. Qf7 Rg8 24. h4 Qe8 25. Qa2 Ne7 26. Nxe7 Qxe7 27. Qd5 Re8 28. Nf5 Bxf5 29. Qxf5 Qd7 30. Qxd7 Nxd7 31. e5 fxe5 32. Bxb7 Nc5 33. Bc6 Re7 34. fxe5 Rxe5 35. Rf1 Kg8 36. c4 h6 37. Bd5+ Kh7 38. Rf7 Nd3 39. Rxc7 Re1+ 40. Kg2 Re2+ 41. Kf3 Re1 42. h5 Ne5+ 43. Kf2 Nd3+ 44. Kg2 Re5 45. b6 Nb4 46. b7 Na6 47. b8=Q Nxb8 48. Kf3 Na6 49. Be4+ Kg8 50. Bg6 Kf8 51. Rf7+ Kg8 52. Ra7 Nb8 53. Ra8 Kf8 54. Rxb8+ Ke7 55. Re8+ Kf6 56. Rxe5 Kxe5 57. Kg4 Kd4 58. Kf5 Kxc4 59. Ke6 d5 60. Kf7 d4 61. Kxg7 d3 62. Bxd3+ Kxd3 63. Kxh6 1-0

[Event "January 9 Late 2024"]
[Site "https://www.chess.com"]
[Date "2024.01.09"]
[Round "2"]
[White "Zarnicki, Pablo"]
[Black "Kostiukov, Alexandr"]
[Result "1-0"]
[Board "183"]
[TimeControl "180+1"]
[WhiteFideId "100137"]
[BlackFideId "14108100"]
[WhiteElo "2525"]
[BlackElo "2289"]
[WhiteTeam "ARG"]
[BlackTeam "UKR"]
[WhiteClock "0:01:08"]
[BlackClock "0:00:00"]

1. e4 c5 2. Nf3 g6 3. c3 Bg7 4. d4 cxd4 5. cxd4 d5 6. exd5 Nf6 7. Nc3 Nxd5 8. Bc4 Nb6 9. Bb3 O-O 10. h3 Nc6 11. Be3 Na5 12. Bc2 Nbc4 13. Bc1 e5 14. d5 f5 15. O-O b6 16. b4 Nb7 17. Bb3 Nbd6 18. Bg5 Qe8 19. Rc1 Bd7 20. Nd2 Rc8 21. Nxc4 Nxc4 22. d6 Kh8 23. Nd5 Nxd6 24. Be7 Rxc1 25. Qxc1 Nb5 26. Bxf8 Bxf8 27. Nc7 Qe7 28. Qc4 Kg7 29. Nxb5 Kh6 30. Rd1 Be8 31. Nd6 b5 32. Qc8 1-0

[Event "January 9 Late 2024"]
[Site "https://www.chess.com"]
[Date "2024.01.09"]
[Round "2"]
[White "Lopez Del Alamo, Antonio"]
[Black "Salman, Ilhan Serhat"]
[Result "1-0"]
[Board "184"]
[TimeControl "180+1"]
[WhiteFideId "2227339"]
[BlackFideId "6361579"]
[WhiteElo "2285"]
[BlackElo "2522"]
[WhiteTeam "ESP"]
[BlackTeam "TUR"]
[WhiteClock "0:00:13"]
[BlackClock "0:00:17"]

1. e4 c5 2. Nf3 b6 3. d4 cxd4 4. Nxd4 Bb7 5. Nc3 g6 6. Be3 Bg7 7. Qd2 Nc6 8. O-O-O Rc8 9. h4 h5 10. f3 Nf6 11. Be2 O-O 12. Nxc6 dxc6 13. Qe1 Qc7 14. g4 b5 15. gxh5 Nxh5 16. f4 Nxf4 17. Bxf4 Qxf4+ 18. Kb1 b4 19. Na4 c5 20. Rf1 Qxe4 21. h5 Qe5 22. hxg6 fxg6 23. Bc4+ Kh7 24. Qd2 Bc6 25. Rh1+ Bxh1 26. Rxh1+ Qh5 27. Rxh5+ gxh5 28. Qg5 Rc6 29. a3 bxa3 30. b3 Rd6 31. Qxh5+ Rh6 32. Bd3+ Kh8 33. Qd5 e6 34. Qe4 Rhf6 35. Ka2 Rf4 36. Qh7# 1-0

[Event "January 9 Late 2024"]
[Site "https://www.chess.com"]
[Date "2024.01.09"]
[Round "2"]
[White "Rangel, Daniel"]
[Black "Dilmukhametov, Artur"]
[Result "1-0"]
[Board "185"]
[TimeControl "180+1"]
[WhiteFideId "2124475"]
[BlackFideId "24179922"]
[WhiteElo "2521"]
[BlackElo "2281"]
[WhiteTeam "BRA"]
[BlackTeam "RUS"]
[WhiteClock "0:01:58"]
[BlackClock "0:02:08"]

1. c4 c6 2. g3 d5 3. Bg2 Nf6 4. Nf3 dxc4 5. O-O b5 6. b3 cxb3 7. axb3 a6 8. d4 Bb7 9. Bd2 a5 10. Nc3 e6 11. Bg5 Be7 12. Ne5 O-O 13. Nxb5 cxb5 14. Bxb7 Ra7 15. Bf3 Nd5 16. Bxe7 Qxe7 17. Qd3 b4 18. Bxd5 exd5 19. Rfc1 f6 20. Ng4 Qd7 21. Ne3 Rd8 22. Rc5 Nc6 23. Rxd5 Qc7 24. Rxd8+ Qxd8 25. Qc4+ Kh8 26. Qxc6 1-0

[Event "January 9 Late 2024"]
[Site "https://www.chess.com"]
[Date "2024.01.10"]
[Round "2"]
[White "Mosquera, Miguel"]
[Black "Haack, Kevin"]
[Result "0-1"]
[Board "186"]
[TimeControl "180+1"]
[WhiteFideId "4401131"]
[BlackFideId "16228715"]
[WhiteElo "2521"]
[BlackElo "2279"]
[WhiteTeam "COL"]
[BlackTeam "GER"]
[WhiteClock "0:00:05"]
[BlackClock "0:00:49"]

1. e4 e5 2. Nf3 Nc6 3. Bb5 a6 4. Ba4 g6 5. O-O b5 6. Bb3 Bg7 7. c3 Na5 8. Bc2 Ne7 9. d4 exd4 10. cxd4 d6 11. a4 O-O 12. Bd2 Nc4 13. axb5 Nxd2 14. Qxd2 Bb7 15. bxa6 Bxa6 16. Re1 c5 17. dxc5 dxc5 18. Nc3 Nc6 19. Qe3 Nd4 20. Ba4 Qb6 21. Rab1 Rfd8 22. Nd5 Qb7 23. Nxd4 Bxd4 24. Qg5 Bc4 25. b3 Bxd5 26. exd5 Rxd5 27. Qg3 Rf5 28. Re2 Rxa4 29. Re8+ Kg7 30. Rf1 Ra2 31. h4 Raxf2 32. Rxf2 Bxf2+ 33. Qxf2 Rxf2 34. Kxf2 c4 35. bxc4 Qb2+ 36. Re2 Qd4+ 37. Kf3 Qxc4 38. Re4 Qd5 39. Kf4 f5 40. Re5 Qd6 41. g3 Qd4+ 42. Kg5 Qxe5 43. h5 Qe3+ 44. Kh4 g5+ 45. Kh3 g4+ 46. Kh4 Kf6 47. h6 Qxh6# 0-1

[Event "January 9 Late 2024"]
[Site "https://www.chess.com"]
[Date "2024.01.09"]
[Round "2"]
[White "Coelho, Ramyres Santana"]
[Black "Davidson, Kevin"]
[Result "0-1"]
[Board "187"]
[TimeControl "180+1"]
[WhiteFideId "2120690"]
[BlackFideId "2056810"]
[WhiteElo "2272"]
[BlackElo "2520"]
[WhiteTeam "BRA"]
[BlackTeam "USA"]
[WhiteClock "0:00:00"]
[BlackClock "0:00:03"]

1. e4 c5 2. Nf3 d6 3. d4 cxd4 4. Nxd4 Nf6 5. Nc3 a6 6. f3 e5 7. Nb3 Be6 8. Be3 Be7 9. Qd2 O-O 10. O-O-O Nbd7 11. g4 b5 12. g5 b4 13. Nd5 Nxd5 14. exd5 Bf5 15. h4 a5 16. Bd3 a4 17. Na1 Bxd3 18. Qxd3 Qa5 19. h5 Nc5 20. Bxc5 Qxc5 21. g6 fxg6 22. hxg6 h6 23. Kb1 Rf4 24. Rhe1 a3 25. Nb3 Qa7 26. Qe3 Qa4 27. bxa3 Qxa3 28. Nc1 Rxf3 29. Qxa3 Rfxa3 30. Re4 R3a4 31. Rf1 Bf6 32. Rf3 h5 33. Rb3 Rb8 34. c3 Kf8 35. cxb4 h4 36. a3 Ke7 37. Rc4 Kd7 38. Ne2 Rba8 39. Ka2 Rh8 40. Ng1 Rh6 41. Rbc3 Ra7 42. b5 Rxg6 43. b6 Rb7 44. Rc7+ Rxc7 45. bxc7 Kc8 46. Nh3 Rg3 47. Rb3 Rxb3 48. Kxb3 Kxc7 49. Kc4 g5 0-1

[Event "January 9 Late 2024"]
[Site "https://www.chess.com"]
[Date "2024.01.09"]
[Round "2"]
[White "Suder, Jakub"]
[Black "Kujawski, Adam"]
[Result "1-0"]
[Board "188"]
[TimeControl "180+1"]
[WhiteFideId "1195310"]
[BlackFideId "1100920"]
[WhiteElo "2520"]
[BlackElo "2271"]
[WhiteTeam "POL"]
[BlackTeam "POL"]
[WhiteClock "0:01:36"]
[BlackClock "0:00:00"]

1. d4 Nf6 2. c4 e6 3. Nc3 Bb4 4. f3 d6 5. e4 O-O 6. Be3 e5 7. d5 Bxc3+ 8. bxc3 Nh5 9. Ne2 c5 10. g4 Nf4 11. Nxf4 exf4 12. Bxf4 Qf6 13. Qd2 Nd7 14. Be2 Ne5 15. O-O h6 16. g5 hxg5 17. Bxg5 Qg6 18. Kh1 f6 19. Be3 Bh3 20. Rg1 Qh7 21. Rg3 Kh8 22. Rag1 g5 23. Qc2 Ng6 24. Bf1 Bd7 25. Qd2 Rae8 26. Bd3 Qh6 27. Rf1 Rg8 28. f4 gxf4 29. Bxf4 Nxf4 30. Qxf4 Qxf4 31. Rxf4 Rxg3 32. hxg3 f5 33. exf5 Re3 34. Bf1 Rxg3 35. f6 Kg8 36. f7+ Kf8 37. Rf6 Bg4 38. Rxd6 Kxf7 39. Rh6 Rxc3 40. Rh7+ Kf6 41. Rxb7 Ke5 42. Rxa7 Rc1 43. Kg2 Bh3+ 44. Kxh3 Rxf1 45. Re7+ Kd4 46. Re2 Kxc4 47. Rd2 Rf7 48. d6 Rd7 49. Kg4 1-0

[Event "January 9 Late 2024"]
[Site "https://www.chess.com"]
[Date "2024.01.09"]
[Round "2"]
[White "Sami, Sama"]
[Black "Dubnevych, Maksym"]
[Result "0-1"]
[Board "189"]
[TimeControl "180+1"]
[WhiteFideId "4802926"]
[BlackFideId "14184001"]
[WhiteElo "2267"]
[BlackElo "2520"]
[WhiteTeam "IRQ"]
[BlackTeam "UKR"]
[WhiteClock "0:01:09"]
[BlackClock "0:02:08"]

1. e4 e6 2. d4 d5 3. e5 c5 4. c3 Nc6 5. Nf3 Qc7 6. Bd3 Nge7 7. O-O Ng6 8. h4 Bd7 9. h5 Nge7 10. a3 f6 11. exf6 gxf6 12. dxc5 e5 13. Bb5 O-O-O 14. b4 Bg4 15. Be2 Bxh5 16. c4 Rg8 17. b5 Bxf3 18. Bxf3 dxc4 19. Qa4 Nd4 20. Bxb7+ Qxb7 21. b6 Qxg2# 0-1

[Event "January 9 Late 2024"]
[Site "https://www.chess.com"]
[Date "2024.01.09"]
[Round "2"]
[White "Tikhonov, Viacheslav"]
[Black "Romero Ruscalleda, Josep"]
[Result "1-0"]
[Board "190"]
[TimeControl "180+1"]
[WhiteFideId "44196407"]
[BlackFideId "2231859"]
[WhiteElo "2520"]
[BlackElo "2264"]
[WhiteTeam "RUS"]
[BlackTeam "ESP"]
[WhiteClock "0:00:42"]
[BlackClock "0:01:37"]

1. d4 g6 2. h4 Nf6 3. c4 d6 4. Nc3 Nc6 5. d5 Ne5 6. e4 Bg7 7. Be2 h5 8. Nh3 Bxh3 9. Rxh3 Qd7 10. Bf4 Neg4 11. f3 Bh6 12. Qd2 Bxf4 13. Qxf4 Ne5 14. c5 O-O 15. Kf2 c6 16. cxd6 exd6 17. Qxf6 b5 18. Rd1 b4 19. dxc6 Qxc6 20. Nd5 Qc5+ 21. Kf1 Qc2 22. Qxd6 Nc4 23. Bxc4 Qxd1+ 24. Kf2 Qd2+ 25. Kg3 Qxb2 26. Kh2 Rad8 27. Qe7 Kg7 28. Rg3 Rfe8 29. Rxg6+ Kxg6 30. Qg5+ Kh7 31. Nf6+ Kh8 32. Qh6# 1-0

[Event "January 9 Late 2024"]
[Site "https://www.chess.com"]
[Date "2024.01.09"]
[Round "2"]
[White "Vargas Rodriguez, Wilver"]
[Black "Mazi, Leon"]
[Result "0-1"]
[Board "191"]
[TimeControl "180+1"]
[WhiteFideId "3509672"]
[BlackFideId "14600315"]
[WhiteElo "2258"]
[BlackElo "2518"]
[WhiteTeam "CUB"]
[BlackTeam "SLO"]
[WhiteClock "0:00:12"]
[BlackClock "0:00:03"]

1. e4 e5 2. Nf3 Nc6 3. Bb5 a6 4. Ba4 Nf6 5. Qe2 Be7 6. O-O b5 7. Bb3 d6 8. c3 O-O 9. Rd1 Bg4 10. d3 Na5 11. Bc2 c5 12. Nbd2 Qc7 13. h3 Bd7 14. Nf1 Rfe8 15. g4 Bc6 16. Ng3 g6 17. Kh2 d5 18. Rg1 c4 19. Nf5 cxd3 20. Qe3 dxc2 21. Qh6 Bf8 22. Qh4 Nxe4 23. Bh6 f6 24. g5 fxg5 25. Nxg5 Nxg5 26. Rxg5 Re6 27. Rag1 Nc4 28. b3 Nd2 29. R5g3 Ne4 30. Rf3 Nf6 31. Bg5 Ne4 32. Nh6+ Bxh6 33. Bxh6 Rae8 34. Re3 d4 35. Rf3 Nxc3 36. Rf6 Rxf6 37. Qxf6 Qf7 38. Qxc6 Ne2 39. Qxc2 Nxg1 40. Kxg1 e4 41. Qc6 e3 42. fxe3 dxe3 43. Qc3 e2 44. Kg2 Qf1+ 45. Kg3 e1=Q+ 46. Qxe1 Qxe1+ 47. Kg4 Re4+ 48. Bf4 Qe2+ 49. Kg5 Qf3 50. Kf6 Qxf4# 0-1

[Event "January 9 Late 2024"]
[Site "https://www.chess.com"]
[Date "2024.01.09"]
[Round "2"]
[White "Bazzano, Sebastian"]
[Black "Tissir, Mohamed"]
[Result "0-1"]
[Board "192"]
[TimeControl "180+1"]
[WhiteFideId "104566"]
[BlackFideId "9000240"]
[WhiteElo "2257"]
[BlackElo "2517"]
[WhiteTeam "ARG"]
[BlackTeam "MAR"]
[WhiteClock "0:00:01"]
[BlackClock "0:00:18"]

1. d4 Nf6 2. Bf4 g6 3. Nc3 c5 4. d5 d6 5. e4 Bg7 6. Nf3 O-O 7. Be2 a6 8. a4 Bg4 9. h3 Bxf3 10. Bxf3 Nbd7 11. O-O Ne5 12. Bxe5 dxe5 13. g3 Ne8 14. Bg2 Nd6 15. Qe2 Qb6 16. Rab1 Qb4 17. f4 b5 18. axb5 axb5 19. f5 c4 20. fxg6 hxg6 21. h4 Qc5+ 22. Kh2 b4 23. Nd1 Ra2 24. h5 Qd4 25. hxg6 fxg6 26. Rxf8+ Bxf8 27. Qg4 Kg7 28. Qf3 Qd2 29. Qf2 Qxf2 30. Nxf2 Kf7 31. Ng4 Bg7 32. Rf1+ Ke8 33. Rb1 c3 34. bxc3 bxc3 35. Ne3 Bh6 36. Ng4 Bg7 37. Ne3 Kf7 38. Rf1+ Kg8 39. Rb1 Bh6 40. Ng4 Kg7 41. Rb7 Bg5 42. Rc7 Rxc2 43. Nxe5 Nxe4 44. Nc6 Bf6 45. Nxe7 Be5 46. Rb7 Kf6 47. Ng8+ Kg5 48. Kh3 Nf2+ 49. Kh2 Ng4+ 50. Kh3 Rd2 51. Rb6 Rd3 52. Rc6 Rxg3# 0-1

[Event "January 9 Late 2024"]
[Site "https://www.chess.com"]
[Date "2024.01.09"]
[Round "2"]
[White "Delorme, Axel"]
[Black "Kaganskiy, Gleb"]
[Result "0-1"]
[Board "193"]
[TimeControl "180+1"]
[WhiteFideId "632023"]
[BlackFideId "4132025"]
[WhiteElo "2517"]
[BlackElo "2257"]
[WhiteTeam "FRA"]
[BlackTeam "ISR"]
[WhiteClock "0:00:02"]
[BlackClock "0:01:04"]

1. e4 Nc6 2. d4 d5 3. e5 f6 4. Bd3 Nxd4 5. Qh5+ g6 6. Bxg6+ hxg6 7. Qxh8 Qd7 8. Qxg8 Qf5 9. Bh6 Qe4+ 10. Kd2 Qxc2+ 11. Ke1 Bg4 12. Nc3 O-O-O 13. Bxf8 Qxb2 14. Rb1 Qxc3+ 0-1

[Event "January 9 Late 2024"]
[Site "https://www.chess.com"]
[Date "2024.01.09"]
[Round "2"]
[White "Eggleston, Thomas A"]
[Black "Espinoza Palomino, Willyam"]
[Result "0-1"]
[Board "194"]
[TimeControl "180+1"]
[WhiteFideId "412139"]
[BlackFideId "3804852"]
[WhiteElo "2256"]
[BlackElo "2516"]
[WhiteTeam "ENG"]
[BlackTeam "PER"]
[WhiteClock "0:00:21"]
[BlackClock "0:00:34"]

1. e4 e5 2. Nf3 Nc6 3. d4 exd4 4. Nxd4 Nf6 5. Nc3 Bb4 6. Nxc6 bxc6 7. Bd3 d5 8. exd5 cxd5 9. O-O O-O 10. h3 c6 11. Qf3 Be6 12. Bf4 Bd6 13. Bxd6 Qxd6 14. Qg3 Qxg3 15. fxg3 a5 16. b3 Nd7 17. Na4 Rab8 18. Rae1 Rfe8 19. g4 f6 20. Rf2 Bf7 21. Rxe8+ Rxe8 22. Re2 Re5 23. Kf2 Kf8 24. Ba6 Ke7 25. Re3 Kd6 26. Bc8 Rxe3 27. Kxe3 Ne5 28. Ba6 c5 29. c3 Bg6 30. a3 Bc2 31. Nb6 Bxb3 32. Nc8+ Ke6 33. Bb5 Bc4 34. Ba4 Bf1 35. Kf2 Ba6 36. Bb3 Bxc8 37. a4 Ba6 38. Ke3 Bf1 39. Kf2 Bc4 40. Bc2 Nd3+ 41. Ke3 Ne1 42. Bxh7 Nxg2+ 43. Kf2 Nf4 44. Bf5+ Ke5 45. Ke3 Nxh3 46. Bc8 Nf4 47. Kf3 g5 48. Bd7 Ne2 49. Bf5 Nxc3 50. Bc2 d4 51. Kf2 Kf4 52. Kg2 d3 53. Bxd3 Bxd3 0-1